 Dungeon Crawl Stone Soup version 0.29.1-12-g30fa7ad0bf (webtiles) character file.

Game seed: 8279446048040154653

1640 lmSkywalker the Shield-Bearer (level 8, -3/68 HPs)
             Began as a Gnoll Wanderer on Dec 19, 2022.
             Was an Initiate of Dithmenos.
             Slain by a hellwing (8 damage)
             ... on level 7 of the Dungeon on Dec 20, 2022.
             The game lasted 00:29:54 (7810 turns).

lmSkywalker the Shield-Bearer (Gnoll Wanderer)      Turns: 7810, Time: 00:29:55

Health: -3/68      AC:  6    Str: 10    XL:     8   Next: 99%
Magic:  13/13      EV: 17    Int: 13    God:    Dithmenos [......]
Gold:   460        SH:  9    Dex: 14    Spells: 14/14 levels left

rFire   . . .      SeeInvis .   J - +3 scimitar
rCold   . . .      Faith    .   f - +3 buckler
rNeg    . . .      Spirit   .   k - +0 leather armour
rPois   .          Reflect  .   (no helmet)
rElec   .          Harm     .   (no cloak)
rCorr   .          Rampage  .   G - +0 pair of gloves
Will    +....                   L - +1 pair of boots
Stlth   +++.......              (no amulet)
HPRegen 0.21/turn               q - ring of willpower
MPRegen 0.13/turn               F - +4 ring of evasion

@: no status effects
A: fangs 1, strong nose, distributed training
a: Renounce Religion


You were on level 7 of the Dungeon.
You worshipped Dithmenos.
Dithmenos was noncommittal.
You visited 2 branches of the dungeon, and saw 8 of its levels.

You collected 460 gold pieces.

Inventory:

Hand Weapons
 a - a +0 dagger
 w - a +1 dagger of venom
 E - a +2 flail of protection
 J - a +3 scimitar (weapon)
Missiles
 c - 2 curare-tipped darts
 t - a throwing net (quivered)
Armour
 f - a +3 buckler (worn)
 k - a +0 leather armour (worn)
 G - a +0 pair of gloves (worn)
 L - a +1 pair of boots (worn)
Jewellery
 q - a ring of willpower (left hand)
 B - a ring of poison resistance
 C - a ring of see invisible
 D - a ring of protection from cold
 F - a +4 ring of evasion (right hand)
Scrolls
 b - 4 scrolls of teleportation
 d - a scroll of identify
 g - 4 scrolls of fear
 i - 2 scrolls of enchant weapon {unknown}
 m - a scroll of vulnerability {unknown}
 n - 2 scrolls of enchant armour
 p - a scroll of butterflies {unknown}
 u - 2 scrolls of noise {unknown}
 x - a scroll of magic mapping {unknown}
 y - 2 scrolls of poison {unknown}
 A - 2 scrolls of immolation {unknown}
 H - a scroll of blinking {unknown}
Potions
 e - a potion of mutation {unknown}
 j - 3 potions of ambrosia
 l - a potion of curing {unknown}
 o - a potion of lignification
 r - 2 potions of invisibility
 v - 2 potions of haste
 I - a potion of attraction {unknown}
 K - a potion of brilliance {unknown}


   Skills:
 + Level 7.7 Fighting
 + Level 3.9 Short Blades
 + Level 3.9 Long Blades
 + Level 3.9 Axes
 + Level 3.9 Maces & Flails
 + Level 3.9 Polearms
 + Level 3.9 Staves
 + Level 3.9 Ranged Weapons
 + Level 3.9 Throwing
 + Level 3.9 Armour
 + Level 4.7 Dodging
 + Level 7.2 Stealth
 + Level 7.7 Shields
 + Level 3.9 Unarmed Combat
 + Level 3.9 Spellcasting
 + Level 3.2 Conjurations
 + Level 3.2 Hexes
 + Level 3.2 Summonings
 + Level 3.2 Necromancy
 + Level 3.2 Translocations
 + Level 3.2 Transmutations
 + Level 3.2 Fire Magic
 + Level 3.2 Ice Magic
 + Level 3.2 Air Magic
 + Level 3.2 Earth Magic
 + Level 3.2 Poison Magic
 + Level 4.3 Invocations
 + Level 3.9 Evocations


You had 14 spell levels left.
You didn't know any spells.
Your spell library contained the following spells:

 Spells                   Type           Power      Damage    Failure   Level
 Sublimation of Blood     Necr           10%        N/A       14%         2
 Petrify                  Tmut/Erth      10%        N/A       67%         4
 Irradiate                Conj/Tmut      5%         3d13      95%         5


Dungeon Overview and Level Annotations

Branches:
Dungeon (7/15)             Temple (1/1) D:6

Altars:
Ashenzari
Cheibriados
Dithmenos
Elyvilon
Fedhas
Gozag
Hepliaklqana
Kikubaaqudgha
Makhleb
Nemelex Xobeh
Okawaru
Qazlal
Ru
Sif Muna
Trog
Uskayaw
Wu Jian
Xom
Yredelemnul
Zin
The Shining One

Annotations:
D:2 1 runed translucent door, exclusion: adder, Crazy Yiuf
D:3 exclusion: adder
D:4 exclusion: jelly


Innate Abilities, Weirdness & Mutations

You have very sharp teeth.
Your uncanny sense of smell can sniff out nearby items.
Your experience applies equally to all skills.


Message History

You throw a throwing net. The throwing net hits the hellwing.
The hellwing is caught in the net!
The hellwing struggles against the net.
You strike the helpless hellwing from behind!
You hit the hellwing.
The hellwing is lightly wounded.
The hellwing struggles against the net.
You slash the hellwing! Your bite misses the hellwing.
The hellwing is moderately wounded.
The hellwing struggles against the net.
You slash the hellwing!
The hellwing is heavily wounded.
The hellwing struggles against the net. x2
The net rips apart, and the hellwing comes free!
You hit the hellwing but do no damage.
The hellwing is heavily wounded.
You block the hellwing's attack. The hellwing misses you.
You closely miss the hellwing.
The hellwing is heavily wounded.
You block the hellwing's attack. x2
You barely miss the hellwing.
The hellwing is heavily wounded.
The hellwing hits you!
* * * LOW HITPOINT WARNING * * *
The hellwing closely misses you.
Throw: 2 throwing nets
Press: ? - help, Q - select action, (/) - cycle Shift-Dir - straight line, f/p - hellwing
Aim: a hellwing (heavily wounded, 63% to hit)
You throw a throwing net.
The throwing net barely misses the hellwing.
The hellwing barely misses you. x2
A shadow imp comes into view.
The shadow imp shouts!
You hit the hellwing but do no damage.
You bite the hellwing, but do no damage.
The hellwing is moderately wounded.
The hellwing hits you!
* * * LOW HITPOINT WARNING * * *
The hellwing hits you!
You die...

#.#####.####.......
#.# #.<..........
#.# ######.......
#.# #....... #.####
#....>.. #....#
####.### #.##.## .#
#.##.#...#### .#
#....@4.....( ∆
#..###...##.# #..
#.## ## ..$ ..5
.##.# # #


You could see a hellwing and a shadow imp.

Vanquished Creatures
  A sky beast (D:7)
  An ogre (D:5)
  A black bear (D:6)
  An elf zombie (D:5)
  Blork the orc (D:6)
  3 elf skeletons (D:5)
  2 scorpions
  2 bullfrogs (D:7)
  2 necrophages
  3 wights (D:6)
  2 orc priests (D:4)
  3 hounds
  A gnoll bouda (D:5)
  An iguana (D:5)
  3 orc wizards (D:5)
  A human skeleton (D:5)
  A hound skeleton (D:5)
  7 gnolls
  4 adders
  2 white imps
  3 ufetubi
  2 worms (D:2)
  3 dart slugs
  12 orcs
  6 ball pythons
  3 endoplasms
  3 giant cockroaches
  4 goblins
  6 hobgoblins
  2 quokkas
  6 bats
  4 frilled lizards
  7 kobolds
  An orc zombie (D:5)
  7 rats
111 creatures vanquished.

Vanquished Creatures (others)
  11 withered plants (D:7)
11 creatures vanquished.

Grand Total: 122 creatures vanquished

Notes
Turn   | Place    | Note
-------+----------+-------------------------------------------
     0 | D:1      | lmSkywalker the Gnoll Wanderer began the quest for the Orb.
     0 | D:1      | lmSkywalker set off with the following items: a +0 dagger,
                  | a scroll of teleportation, a +0 pair of boots, a potion of
                  | heal wounds, a +0 robe, a +2 buckler.
     0 | D:1      | Reached XP level 1. HP: 23/23 MP: 1/1
    82 | D:1      | Reached XP level 2. HP: 27/29 MP: 2/2
   494 | D:1      | Reached XP level 3. HP: 32/35 MP: 3/3
  1044 | D:2      | Reached skill level 1 in Invocations
  2074 | D:2      | Found a runed translucent door.
  2075 | D:2      | Noticed Crazy Yiuf
  2533 | D:2      | Reached skill level 1 in Short Blades
  2533 | D:2      | Reached skill level 1 in Long Blades
  2533 | D:2      | Reached skill level 1 in Axes
  2533 | D:2      | Reached skill level 1 in Maces & Flails
  2533 | D:2      | Reached skill level 1 in Polearms
  2533 | D:2      | Reached skill level 1 in Staves
  2533 | D:2      | Reached skill level 1 in Ranged Weapons
  2533 | D:2      | Reached skill level 1 in Throwing
  2533 | D:2      | Reached skill level 1 in Armour
  2533 | D:2      | Reached skill level 1 in Unarmed Combat
  2533 | D:2      | Reached skill level 1 in Spellcasting
  2533 | D:2      | Reached skill level 1 in Evocations
  3483 | D:3      | Reached XP level 4. HP: 41/41 MP: 5/5
  3583 | D:3      | Reached skill level 1 in Conjurations
  3583 | D:3      | Reached skill level 1 in Hexes
  3583 | D:3      | Reached skill level 1 in Summonings
  3583 | D:3      | Reached skill level 1 in Necromancy
  3583 | D:3      | Reached skill level 1 in Translocations
  3583 | D:3      | Reached skill level 1 in Transmutations
  3583 | D:3      | Reached skill level 1 in Fire Magic
  3583 | D:3      | Reached skill level 1 in Ice Magic
  3583 | D:3      | Reached skill level 1 in Air Magic
  3583 | D:3      | Reached skill level 1 in Earth Magic
  3583 | D:3      | Reached skill level 1 in Poison Magic
  3893 | D:4      | Found a hazy altar of Hepliaklqana.
  4182 | D:4      | Found a bloodstained altar of Trog.
  4184 | D:4      | Reached XP level 5. HP: 47/47 MP: 7/7
  4394 | D:4      | Reached XP level 6. HP: 36/53 MP: 8/8
  4684 | D:5      | Entered Level 5 of the Dungeon
  5139 | D:5      | Reached XP level 7. HP: 27/60 MP: 10/10
  5760 | D:5      | Found a burning altar of Makhleb.
  6144 | D:6      | Noticed Blork the orc
  6147 | D:6      | Killed Blork the orc
  6148 | D:6      | Reached XP level 8. HP: 67/67 MP: 12/12
  6992 | D:6      | Found a staircase to the Ecumenical Temple.
  6997 | Temple   | Entered the Ecumenical Temple
  7083 | Temple   | Became a worshipper of Dithmenos the Shadowed
  7772 | D:7      | Noticed a hellwing
  7810 | D:7      | Slain by a hellwing

Illustrated notes

Levels and vault maps discovered:
D:1:      dpeg_arrival_connections, layout_basic, st_stairs_11,
          chequers_serial_rivers_small_b
D:2:      layout_basic, nrook_mini_backslash, minmay_3d_cube,
          uniq_crazy_yiuf_cottage
D:3:      layout_loops_corners
D:4:      old_forge, layout_gridville, amcnicky_altar_gilded,
          mainiacjoe_overflow_cross_hatched
D:5:      layout_cave_pools, makhleb_blood_cavern_becter,
          nicolae_ossuary_entry_catacombs
D:6:      layout_basic, temple_doors_e, uniq_blork_the_orc
D:7:      cheibrodos_grave_circle, layout_loops_ring, enter_bailey_5
Temple:   nicolae_temple_two_arcs

Skill      XL: |  1  2  3  4  5  6  7  8 |
---------------+-------------------------+-----
Stealth        | 6 7 |  7.2
Invocations    | 1 2 3 4 |  4.3
Short Blades   | 1 2 3 |  3.9
Long Blades    | 1 2 3 |  3.9
Axes           | 1 2 3 |  3.9
Maces & Flails | 1 2 3 |  3.9
Polearms       | 1 2 3 |  3.9
Staves         | 1 2 3 |  3.9
Ranged Weapons | 1 2 3 |  3.9
Throwing       | 1 2 3 |  3.9
Armour         | 1 2 3 |  3.9
Unarmed Combat | 1 2 3 |  3.9
Spellcasting   | 1 2 3 |  3.9
Evocations     | 1 2 3 |  3.9
Conjurations   | 1 2 3 |  3.2
Hexes          | 1 2 3 |  3.2
Summonings     | 1 2 3 |  3.2
Necromancy     | 1 2 3 |  3.2
Translocations | 1 2 3 |  3.2
Transmutations | 1 2 3 |  3.2
Fire Magic     | 1 2 3 |  3.2
Ice Magic      | 1 2 3 |  3.2
Air Magic      | 1 2 3 |  3.2
Earth Magic    | 1 2 3 |  3.2
Poison Magic   | 1 2 3 |  3.2
Dodging        | 3 4 |  4.7
Fighting       | 7 |  7.7
Shields        | 7 |  7.7

Action                   |  1- 3 |  4- 6 |  7- 9 || total
-------------------------+-------+-------+-------++-------
Melee: Dagger            |    38 |   127 |    98 ||   263
       Bite              |    20 |    17 |    33 ||    70
       Whip              |   151 |       |       ||   151
       Short sword       |    19 |       |       ||    19
       Flail             |       |     4 |   112 ||   116
       Scimitar          |       |       |    44 ||    44
Throw: Throwing net      |       |       |     3 ||     3
  Use: Scroll            |     4 |       |     2 ||     6
       Potion            |       |     2 |     1 ||     3
 Stab: Sleeping          |    14 |     2 |     8 ||    24
       Invisible         |       |     1 |     2 ||     3
       Held in net/web   |       |       |     2 ||     2
Armor: Robe              |    20 |       |       ||    20
       Leather armour    |     9 |    16 |    41 ||    66
Dodge: Dodged            |    77 |    66 |   132 ||   275
Block: Buckler           |    54 |    56 |    84 ||   194
